 Dungeon Crawl Stone Soup version 0.20-a0-463-g5747544 (webtiles) character file.

89583 Amnesiac the Spear-Bearer (level 15, -3/122 HPs)
             Began as a Mummy Enchanter on Jan 10, 2017.
             Was an Initiate of Gozag.
             Killed from afar by a deep elf knight (29 damage)
             ... with an orb of energy
             ... on level 1 of the Elven Halls.
             The game lasted 01:17:34 (26195 turns).

Amnesiac the Spear-Bearer (Mummy Enchanter)        Turns: 26195, Time: 01:17:34

Health: -3/122     AC: 16    Str: 15    XL:     15   Next: 49%
Magic:  23/29      EV: 21    Int: 18    God:    Gozag
Gold:   378        SH:  0    Dex: 18    Spells: 16/34 levels left

rFire  . . .     SeeInvis .     W - +0 demon trident (drain)
rCold  + . .     Gourm    .     r - +2 robe {rF+}
rNeg   + + +     Faith    .     (no shield)
rPois  ∞         Spirit   .     b - +2 helmet {Int+3}
rElec  .         Reflect  .     j - +2 cloak
rCorr  .         Harm     .     v - +2 pair of gloves
MR     ++...                    G - +2 pair of boots {run}
Stlth  ++........               k - amulet of regeneration
                                f - +3 ring of strength
                                n - ring of protection from magic

@: very slightly contaminated, invisible, quick
A: no food or potions, fire vulnerability, cold resistance 1, negative energy
resistance 3, torment resistance, unbreathing, in touch with death 1
a: Potion Petition, Call Merchant, Bribe Branch, Renounce Religion


You were on level 1 of the Elven Halls.
You worshipped Gozag.
Gozag was aware of your devotion.
You were not hungry.

You visited 5 branches of the dungeon, and saw 20 of its levels.

You collected 6890 gold pieces.
You spent 2149 gold pieces at shops.
You paid 4363 gold pieces to Gozag.

Inventory:

Hand Weapons
 s - a +5 glaive of venom
 A - the +5 falchion of Youthful Indiscretion {flame, +Inv rElec SInv}
   (You bought it in a shop on level 3 of the Lair of Beasts)

   It has been specially enchanted to burn those struck by it, causing extra
   injury to most foes and up to half again as much damage against particularly
   susceptible opponents.
   Big, fiery blades are also staple armaments of hydra-hunters.
   It insulates you from electricity.
   It lets you see invisible.
   It lets you turn invisible.
 N - the +5 spear "Qiomeebi" {flame, rElec rC+ Int+4 Dex-4}
   (You found it on level 5 of the Lair of Beasts)

   It has been specially enchanted to burn those struck by it, causing extra
   injury to most foes and up to half again as much damage against particularly
   susceptible opponents.
   It affects your intelligence (+4).
   It affects your dexterity (-4).
   It protects you from cold.
   It insulates you from electricity.
 V - a +2 trident of venom
 W - a +0 demon trident of draining (weapon)
Armour
 b - a +2 helmet of intelligence (worn)
 j - a +2 cloak (worn)
 l - a +0 robe of resistance
 r - a +2 robe of fire resistance (worn)
 v - a +2 pair of gloves (worn)
 y - a +2 hat of see invisible
 G - a +2 pair of boots of running (worn)
 J - a +2 robe of magic resistance
 P - the +3 plate armour "Boetuw" {rF++ MR+ Str+4}
   (You found it on level 6 of the Lair of Beasts)

   It affects your strength (+4).
   It greatly protects you from fire.
   It affects your resistance to hostile enchantments.
 R - a +0 robe of magic resistance
 S - a +2 robe of magic resistance
 T - a +1 robe of fire resistance
 U - a +1 robe of magic resistance
Jewellery
 f - a +3 ring of strength (right hand)
 k - an amulet of regeneration (around neck)
 n - a ring of protection from magic (left hand)
 I - an uncursed ring of ice
 L - an uncursed ring of see invisible
 Y - the amulet "Nethuunea" {Regen+ Str+5 Int+5, unknown}
   (You took it off a deep elf knight on level 1 of the Elven Halls)

   [amulet of regeneration]

   It affects your strength (+5).
   It affects your intelligence (+5).
   It increases your rate of regeneration.
Wands
 d - a wand of lightning (9/15)
 m - a wand of paralysis (11/24)
 u - a wand of digging (9/24)
 z - a wand of flame (22/48)
 D - a wand of confusion (10/48)
 E - a wand of digging (9/24)
 M - a wand of disintegration (15/24)
 X - a wand of iceblast (4/15)
Scrolls
 a - a scroll of enchant armour
 e - 5 scrolls of magic mapping
 g - a scroll of teleportation
 h - a scroll of fear
 i - 3 scrolls of recharging
 o - 6 scrolls of fog
 p - 4 scrolls of remove curse
 t - a scroll of silence
 w - 8 scrolls of identify
 x - a scroll of enchant weapon
Books
 c - a book of Maledictions

   Spells                             Type                      Level
   a - Corona                         Hexes                        1
   b - Ensorcelled Hibernation        Hexes/Ice                    2
   c - Confuse                        Hexes                        3
   d - Tukima's Dance                 Hexes                        3
   e - Dazzling Spray                 Conjuration/Hexes            3
 q - a book of Necromancy

   Spells                             Type                      Level
   a - Pain                           Necromancy                   1
   b - Animate Skeleton               Necromancy                   1
   c - Vampiric Draining              Necromancy                   3
   d - Regeneration                   Charms/Necromancy            3
   e - Animate Dead                   Necromancy                   4
   f - Control Undead                 Necromancy                   4
 B - a book of Spatial Translocations

   Spells                             Type                      Level
   a - Blink                          Translocation                2
   b - Shroud of Golubria             Charms/Translocation         2
   c - Lesser Beckoning               Translocation                3
   d - Portal Projectile              Translocation                3
   e - Teleport Other                 Translocation                3
   f - Passage of Golubria            Translocation                4
 C - a book of Enchantments

   Spells                             Type                      Level
   a - Cause Fear                     Hexes                        4
   b - Yara's Violent Unravelling     Hexes/Transmutation          5
   c - Silence                        Hexes/Air                    5
   d - Deflect Missiles               Charms/Air                   6
   e - Discord                        Hexes                        8
 F - a book of Party Tricks

   Spells                             Type                      Level
   a - Summon Butterflies             Summoning                    1
   b - Apportation                    Translocation                1
   c - Lesser Beckoning               Translocation                3
   d - Tukima's Dance                 Hexes                        3
   e - Alistair's Intoxication        Transmutation/Poison         5
   f - Invisibility                   Hexes                        6
 K - a book of Flames

   Spells                             Type                      Level
   a - Flame Tongue                   Conjuration/Fire             1
   b - Throw Flame                    Conjuration/Fire             2
   c - Conjure Flame                  Conjuration/Fire             3
   d - Inner Flame                    Hexes/Fire                   3
   e - Sticky Flame                   Conjuration/Fire             4
   f - Fireball                       Conjuration/Fire             5
 O - Huguasuph's Incunabulum of Supportive Malediction
   (You found it on level 6 of the Lair of Beasts)

   Spells                             Type                      Level
   a - Summon Small Mammal            Summoning                    1
   b - Confuse                        Hexes                        3
   c - Fulminant Prism                Conjuration/Hexes            4
   d - Invisibility                   Hexes                        6
   e - Shadow Creatures               Summoning                    6
Miscellaneous
 H - a box of beasts
 Q - a lightning rod (4/4)


   Skills:
 + Level 12.9 Fighting
   Level 0.7 Short Blades
 - Level 14.0 Polearms
 - Level 11.0 Dodging
 - Level 2.4 Stealth
 - Level 10.0 Spellcasting
 - Level 10.1 Hexes


You had 16 spell levels left.
You knew the following spells:

 Your Spells              Type           Power        Failure   Level  Hunger
a - Dazzling Spray        Conj/Hex       ####..       2%          3    N/A
b - Apportation           Tloc           #.........   10%         1    N/A
c - Invisibility          Hex            #####...     21%         6    N/A
d - Summon Butterflies    Summ           #.......     10%         1    N/A
e - Confuse               Hex            #####...     1%          3    N/A
f - Corona                Hex            #####..      1%          1    N/A
w - Tukima's Dance        Hex            #####...     1%          3    N/A

Dungeon Overview and Level Annotations

Branches:
Dungeon (10/15)            Temple (1/1) D:4            Lair (6/6) D:9
  Swamp (0/4) Lair:3       Spider (0/4) Lair:4        Slime (0/5) Lair:5
    Orc (2/2) D:10            Elf (1/3) Orc:2

Altars:
Ashenzari
Cheibriados
Dithmenos
Gozag
Kikubaaqudgha
Makhleb
Nemelex Xobeh
Okawaru
Trog
Uskayaw
Vehumet
Xom
Yredelemnul
Zin
Beogh

Shops:
D:8 ?   D:9 !   Orc:2 [((}!!(   Lair:3 ([

Annotations:
Elf:1 Azrael


Innate Abilities, Weirdness & Mutations

You do not eat or drink.
Your flesh is vulnerable to fire.
You are immune to poison.
Your flesh is cold resistant. (rC+)
You are immune to negative energy. (rN+++)
You are immune to unholy pain and torment.
You can survive without breathing.
You are in touch with the powers of death.


Message History

The deep elf archer wields an uncursed longbow.
The deep elf archer shoots an arrow.
The arrow hits the deep elf knight!
You hear a shout!
You hit the deep elf knight but do no damage.
The deep elf knight is moderately wounded.
The deep elf knight hits you with a short sword!!
The deep elf archer shoots an arrow.
The arrow hits the deep elf knight!!
You barely miss the deep elf knight.
The deep elf knight is severely wounded.
The deep elf knight gestures at you while chanting.
The stone arrow hits you!
* * * LOW HITPOINT WARNING * * *
You see here 2 arrows.
You hit the deep elf knight but do no damage.
You drain the deep elf knight!
The deep elf knight is severely wounded.
The deep elf knight gestures at you while chanting.
The orb of energy hits you!
You die...
Your body crumbles into a pile of gold.

#.####.######
#e$.+........
##..>#########
#.....# ##...##
##e..#'#
##e#+###.# #
##e## #.#### ##
##@## #'#.###.
##.## ##...#'#
##+#.##
##.....##
#..'##
##.......#
#....#
#....8....
#..###
##.......# ##'#
##.....## #.#
##'#...## #.#
####+###.###.##


You could see 2 deep elf archers and a deep elf knight.

Vanquished Creatures
  Gastronok (D:8)
  An orc warlord (Orc:1)
  A deep elf annihilator (Elf:1)
  Josephine (Orc:1)
  7 hydras
  3 two-headed ogres
  3 catoblepae
  7 death yaks
  The ghost of mopl the Carver, a novice BaSk of Fedhas (D:9)
  5 orc high priests
  A deep elf knight (Elf:1)
  Pikel (D:6)
  5 orc knights
  The ghost of Kidiri the Thaumaturge, a novice DEFE (D:7)
  7 oklob plants
  13 deep elf magi
  7 orc sorcerers
  4 elephants (Lair:6)
  The ghost of tsouns the Chopper, a novice NaFi of Cheibriados (D:6)
  Psyche (D:8)
  6 black mambas
  Maurice (D:8)
  29 spiny frogs
  3 rime drakes
  5 komodo dragons
  5 tyrant leeches (Lair:6)
  5 polar bears
  4 trolls
  9 hippogriffs
  41 blink frogs
  5 hornets
  Prince Ribbit (D:8)
  A dream sheep (Lair:4)
  12 spriggans (Lair:4)
  2 wyverns
  5 wraiths
  An air elemental (Elf:1)
  33 yaks
  6 vampire mosquitoes
  5 basilisks
  5 wargs
  Menkaure (D:7)
  Edmund (D:3)
  4 insubstantial wisps (Lair:3)
  18 water moccasins
  11 porcupines
  A black bear (D:6)
  26 orc warriors
  2 ice beasts (D:10)
  2 slaves (D:7)
  5 ogres
  A phantom (D:10)
  3 sky beasts
  6 centaurs
  17 wolves
  3 boggarts (Lair:4)
  8 crocodiles
  2 big kobolds
  25 bullfrogs
  A gnoll sergeant (D:6)
  6 scorpions
  A water moccasin skeleton (D:5)
  6 killer bees (D:10)
  7 wights
  2 howler monkeys
  An electric eel (Lair:4)
  4 crimson imps
  2 bullfrog zombies (D:10)
  3 centaur skeletons
  4 hounds
  A gnoll shaman (Orc:2)
  A jelly (D:6)
  28 orc priests
  18 orc wizards
  2 bullfrog skeletons
  6 hell rats (Lair:5)
  4 iguanas
  9 worker ants
  A hound zombie (D:5)
  2 hound skeletons
  Robin (D:4)
  A worker ant zombie (D:5)
  12 gnolls
  A howler monkey zombie (D:5)
  9 adders
  5 shadow imps
  An adder skeleton (D:6)
  6 dart slugs
  6 leopard geckos
  83 orcs
  3 giant cockroaches
  11 hobgoblins
  4 jackals (D:1)
  4 quokkas
  A ball python (D:3)
  9 bats
  10 frilled lizards
  17 goblins
  18 kobolds
  A leopard gecko skeleton (D:4)
  A quokka skeleton (D:5)
  A quokka zombie (D:9)
  10 rats
  A fungus (Lair:1)
  2 plants (Lair:6)
718 creatures vanquished.

Vanquished Creatures (collateral kills)
  An orc knight (Orc:2)
  A hippogriff (Lair:4)
  A wolf (Lair:6)
  Blork the orc (D:3)
  An orc (D:9)
  A plant (Lair:6)
6 creatures vanquished.

Vanquished Creatures (others)
  A deep elf mage (Elf:1)
  12 dancing weapons
  2 slaves (D:7)
  A bullfrog (D:6)
  A hound (D:6)
  A hell rat (Lair:5)
  2 worker ants (D:6)
  An adder (D:6)
  5 orcs
  A bush (Lair:6)
  30 fungi
  60 plants
117 creatures vanquished.

Grand Total: 841 creatures vanquished

Notes
Turn   | Place    | Note
-------+----------+-------------------------------------------
     0 | D:1      | Amnesiac the Mummy Enchanter began the quest for the Orb.
     0 | D:1      | Reached XP level 1. HP: 13/13 MP: 4/4
   186 | D:1      | Reached XP level 2. HP: 9/19 MP: 2/5
   550 | D:2      | Found an iron altar of Okawaru.
  1056 | D:3      | Reached XP level 3. HP: 24/24 MP: 7/7
  1114 | D:3      | Learned a level 3 spell: Confuse
  1118 | D:3      | Learned a level 3 spell: Tukima's Dance
  1133 | D:4      | Found a staircase to the Ecumenical Temple.
  1144 | Temple   | Entered the Ecumenical Temple
  1529 | Temple   | Became a worshipper of Gozag Ym Sagoz the Greedy
  2118 | D:2      | Reached XP level 4. HP: 30/30 MP: 9/9
  3138 | D:4      | Noticed Blork the orc
  3138 | D:4      | Noticed a centaur
  3287 | D:3      | Reached XP level 5. HP: 28/35 MP: 0/11
  3401 | D:4      | Got a steaming ring mail
  3402 | D:4      | Noticed Edmund
  3425 | D:3      | Identified the cursed +0 ring mail "Siar" {+Blink rC+} (You found it on level 4 of the Dungeon)
  3537 | D:3      | Killed Blork the orc
  3537 | D:3      | Reached skill level 5 in Hexes
  3626 | D:3      | Killed Edmund
  3626 | D:3      | Reached skill level 5 in Spellcasting
  3626 | D:3      | Reached XP level 6. HP: 32/41 MP: 1/13
  3720 | D:3      | Learned a level 3 spell: Dazzling Spray
  3727 | D:5      | Entered Level 5 of the Dungeon
  3810 | D:4      | Reached skill level 1 in Polearms
  3838 | D:4      | Reached skill level 2 in Polearms
  3910 | D:4      | Noticed Robin
  3937 | D:4      | Killed Robin
  4033 | D:4      | Reached XP level 7. HP: 41/46 MP: 14/14
  4068 | D:4      | Reached skill level 3 in Polearms
  4394 | D:5      | Reached skill level 4 in Polearms
  4631 | D:5      | Reached skill level 5 in Polearms
  4744 | D:5      | Found a snail-covered altar of Cheibriados.
  4758 | D:5      | Reached XP level 8. HP: 43/52 MP: 15/15
  5263 | D:6      | Found a burning altar of Makhleb.
  5315 | D:6      | Reached skill level 6 in Polearms
  6347 | D:6      | Found a shimmering altar of Xom.
  6578 | D:5      | Reached skill level 7 in Polearms
  7075 | D:6      | Noticed tsouns's ghost (novice NaFi)
  7114 | D:6      | Killed tsouns's ghost
  7114 | D:6      | Reached skill level 8 in Polearms
  7114 | D:6      | Reached XP level 9. HP: 57/57 MP: 8/16
  7324 | D:7      | Found an iron altar of Okawaru.
  7380 | D:7      | Noticed Pikel
  7393 | D:7      | Noticed Kidiri's ghost (novice DEFE)
  7413 | D:6      | Killed Pikel
  7413 | D:6      | Reached skill level 9 in Polearms
  7527 | D:7      | Noticed Menkaure
  7530 | D:7      | Killed Menkaure
  7656 | D:8      | Noticed Maurice
  7679 | D:8      | Killed Maurice
  7679 | D:8      | Reached skill level 10 in Polearms
  7814 | D:7      | Killed Kidiri's ghost
  7874 | D:7      | Found an ancient bone altar of Kikubaaqudgha.
  7892 | D:7      | Reached XP level 10. HP: 53/63 MP: 2/17
  8040 | D:7      | Reached skill level 11 in Polearms
  8317 | D:8      | Noticed a two-headed ogre
  8326 | D:8      | Killed a two-headed ogre
  8457 | D:8      | Noticed a two-headed ogre
  8459 | D:8      | Noticed Psyche
  8526 | D:8      | Killed a two-headed ogre
  8718 | D:8      | Noticed Gastronok
  8725 | D:8      | Killed Psyche
  8725 | D:8      | Reached skill level 12 in Polearms
  8886 | D:8      | Found Kokhlenum's Magic Scroll Shoppe.
  8886 | D:8      | Noticed Prince Ribbit
  8934 | D:8      | Killed Prince Ribbit
  9170 | D:8      | Killed Gastronok
  9170 | D:8      | Reached skill level 13 in Polearms
  9170 | D:8      | Reached XP level 11. HP: 65/68 MP: 18/18
  9287 | D:9      | Noticed a two-headed ogre
  9294 | D:9      | Killed a two-headed ogre
  9325 | D:9      | Found a basalt altar of Yredelemnul.
  9325 | D:9      | Found a staircase to the Lair.
  9472 | D:9      | Noticed a two-headed ogre
  9574 | D:9      | Noticed mopl's ghost (novice BaSk)
  9953 | D:9      | Killed mopl's ghost
 10119 | D:9      | Found Tisotso's Distillery.
 10445 | Lair:1   | Entered Level 1 of the Lair of Beasts
 10501 | Lair:1   | Noticed a seven-headed hydra
 10611 | Lair:1   | Noticed an oklob plant
 10613 | Lair:1   | Noticed an oklob plant
 10614 | Lair:1   | Noticed an oklob plant
 10836 | Lair:1   | Reached skill level 14 in Polearms
 10861 | Lair:1   | Reached skill level 1 in Fighting
 11231 | Lair:1   | Reached skill level 5 in Fighting
 11626 | Lair:1   | Reached XP level 12. HP: 84/89 MP: 19/19
 13386 | Lair:3   | Found a staircase to the Swamp.
 13959 | Lair:3   | Noticed a six-headed hydra
 14827 | Lair:3   | Bought a pair of runed boots for 367 gold pieces
 14832 | Lair:3   | Identified a +2 pair of boots of running (You bought it in a shop on level 3 of the Lair of Beasts)
 14832 | Lair:3   | Bought a jewelled chain mail for 332 gold pieces
 14842 | Lair:3   | Identified the +8 chain mail "Kaquofa" {rElec rN+ Int-5 Dex+3} (You bought it in a shop on level 3 of the Lair of Beasts)
 14866 | Lair:3   | Bought the +5 falchion of Youthful Indiscretion {flame, +Inv rElec SInv} for 778 gold pieces
 14991 | D:8      | Bought a scroll of enchant armour for 105 gold pieces
 15003 | D:10     | Entered Level 10 of the Dungeon
 15197 | D:10     | Found a staircase to the Orcish Mines.
 16120 | Lair:2   | Killed a one-headed hydra
 16120 | Lair:2   | Gained mutation: You are in touch with the powers of death. [Mummy growth]
 16120 | Lair:2   | Reached XP level 13. HP: 101/101 MP: 21/23
 16273 | Lair:4   | Reached skill level 5 in Dodging
 17010 | Lair:4   | Found a hole to the Spider Nest.
 18239 | Lair:5   | Got a slimy spear
 18240 | Lair:5   | Identified the +5 spear "Qiomeebi" {flame, rElec rC+ Int+4 Dex-4} (You found it on level 5 of the Lair of Beasts)
 18714 | Lair:5   | Found a staircase to the Slime Pits.
 18987 | Lair:6   | Entered Level 6 of the Lair of Beasts
 19471 | Lair:5   | Reached skill level 10 in Hexes
 19797 | Lair:6   | Reached XP level 14. HP: 106/108 MP: 22/27
 20083 | Lair:6   | Identified Huguasuph's Incunabulum of Supportive Malediction
 20087 | Lair:6   | Got a distressingly furry plate armour
 21277 | Lair:6   | Reached skill level 10 in Dodging
 22142 | Lair:6   | Reached skill level 10 in Spellcasting
 22195 | Lair:6   | Learned a level 1 spell: Apportation
 22197 | Lair:6   | Learned a level 1 spell: Summon Butterflies
 22204 | Lair:6   | Learned a level 6 spell: Invisibility
 22401 | Orc:1    | Entered Level 1 of the Orcish Mines
 22573 | Orc:1    | Found a bloodstained altar of Trog.
 22690 | Orc:2    | Entered Level 2 of the Orcish Mines
 22690 | Orc:2    | Found a staircase to the Elven Halls.
 22690 | Orc:2    | Noticed Josephine
 22979 | Orc:2    | Found a bloodstained altar of Trog.
 22979 | Orc:2    | Noticed an orc warlord
 23130 | Orc:1    | Identified the +3 plate armour "Boetuw" {rF++ MR+ Str+4} (You found it on level 6 of the Lair of Beasts)
 23313 | Orc:1    | Killed an orc warlord
 23313 | Orc:1    | Reached skill level 10 in Fighting
 23614 | Orc:2    | Reached XP level 15. HP: 110/116 MP: 25/29
 23661 | Orc:1    | Killed Josephine
 24959 | Orc:2    | Found Waqih's Weapon Shop.
 24959 | Orc:2    | Found Nymesmiu's Distillery.
 24970 | Orc:2    | Found Qeujicu's Distillery.
 24970 | Orc:2    | Found Ujum's Gadget Emporium.
 25058 | Orc:2    | Found a roughly hewn altar of Beogh.
 25144 | Orc:2    | Bought a runed demon trident for 567 gold pieces
 25156 | Elf:1    | Entered Level 1 of the Elven Halls
 25939 | Elf:1    | Got an ancient copper amulet
 26161 | Elf:1    | Noticed Azrael
 26195 | Elf:1    | Killed from afar by a deep elf knight

Vault maps used:
D:1:      dpeg_arrival_pond, minmay_small_reverse_x
D:2:      lemuel_doored_altar, nrook_uturn
D:4:      minmay_strange_pillars, uniq_edmund, uniq_blork_the_orc, uniq_robin
D:5:      overflow_temple_1_default, first_bread
D:6:      bloody_makhleb, xom_confusion_cloud
D:7:      kennysheep_little_box, okawaru_metal_pillars_1_2, uniq_menkaure,
          uniq_pikel
D:8:      serial_shops, shop, uniq_maurice, uniq_psyche, uniq_prince_ribbit1,
          uniq_gastronok
D:9:      lemuel_crystal_altar, lair_entry_dummy, serial_shops,
          nicolae_shop_crystal
D:10:     david_orc_3
Temple:   regret_index_temple_sphere_string
Lair:1:   minmay_lair_oklob_chamber
Lair:2:   cheibrodos_lair_lostbears, grunt_megastairs_4,
          infiniplex_staircase_pool_2, serial_bayou_shore_b
Lair:3:   minmay_swamp_entry_wisps, serial_bayou_shore_b, grunt_megastairs_3
Lair:4:   kb_forest_paths, dummy_spider_entry, minmay_hedge_maze,
          nicolae_lair_yak_garden
Lair:5:   minmay_slime_entry_oklob_enclosed, lemuel_fruit_fields,
          lemuel_fruit_fields
Lair:6:   minmay_lair_end_frog_pond
Orc:1:    serial_shops, nicolae_shop_stone, trog_butcher_becter
Orc:2:    grunt_orc_tribal_feast, basic_altar, minmay_orc_temple_a,
          uniq_josephine
Elf:1:    minmay_elf_arrival_summoners, minivault_28, uniq_azrael

Skill      XL: |  1  2  3  4  5  6  7  8  9 10 11 12 13 14 15 |
---------------+----------------------------------------------+-----
Hexes          | 3 4 5 7 10 | 10.1
Spellcasting   | 3 4 5 7 9 10 | 10.0
Polearms       | 2 5 8 10 13 14 | 14.0
Fighting       | 6 9 10 12 | 12.9
Dodging        | 4 7 11 | 11.0
Short Blades   | |  0.7
Stealth        | |  2.4

Action                   |  1- 3 |  4- 6 |  7- 9 | 10-12 | 13-15 || total
-------------------------+-------+-------+-------+-------+-------++-------
Melee: Dagger            |    51 |       |       |       |       ||    51
       Whip              |    60 |   115 |       |       |       ||   175
       Trident           |       |    28 |       |       |       ||    28
       Glaive            |       |    53 |   155 |   693 |  1258 ||  2159
       Spear             |       |    10 |   503 |       |    14 ||   527
       Falchion          |       |       |       |     7 |    49 ||    56
       Demon trident     |       |       |       |       |   183 ||   183
 Cast: Corona            |    33 |       |       |       |     7 ||    40
       Confuse           |       |     8 |    74 |    99 |   144 ||   325
       Tukima's Dance    |       |     5 |     6 |    11 |    10 ||    32
       Dazzling Spray    |       |       |       |     2 |     1 ||     3
       Invisibility      |       |       |       |       |     2 ||     2
Invok: Call Merchant     |       |       |       |     2 |     3 ||     5
  Use: Scroll            |     7 |     5 |     5 |     6 |     2 ||    25
 Stab: Sleeping          |     7 |     4 |       |     9 |     9 ||    29
       Distracted        |       |     1 |     2 |    12 |    13 ||    28
       Confused          |       |       |    32 |    26 |    54 ||   112
       Petrified         |       |       |       |       |     4 ||     4
       Invisible         |       |       |       |       |     5 ||     5
Armor: Robe              |    15 |    59 |   146 |   150 |   362 ||   732
       Ring mail         |       |     7 |       |       |       ||     7
Dodge: Dodged            |    77 |   144 |   283 |   352 |  1152 ||  2008
       Rpst.: Falchion   |       |       |       |       |     6 ||     6
